 Dungeon Crawl Stone Soup version 0.27.0-1-g7a089689b8 (webtiles) character file.

Game seed: 7074207045055972359

48224 Spaninq the Cleaver (level 14, -2/150 HPs)
             Began as an Ogre Fighter on Aug 6, 2021.
             Was an Elder of Makhleb.
             Killed by divine providence
             ... invoked by Saint Roka
              (13 damage)
             ... on level 1 of the Orcish Mines.
             The game lasted 01:02:11 (22810 turns).

Spaninq the Cleaver (Ogre Fighter)                 Turns: 22810, Time: 01:02:12

Health: -2/150     AC: 11    Str: 27    XL:     14   Next: 45%
Magic:  14/14      EV: 11    Int:  9    God:    Makhleb [****..]
Gold:   1990       SH: 18    Dex:  8    Spells: 11/13 levels left

rFire    . . .     SeeInvis .   a - +1 war axe (flame)
rCold    . . .     Faith    .   M - +2 kite shield
rNeg     . . .     Spirit   .   v - +2 troll leather armour
rPois    .         Reflect  +   N - +2 hat
rElec    .         Harm     .   r - +0 cloak
rCorr    .         Rampage  .   (gloves unavailable)
Will     +....                  (boots unavailable)
Stlth    ..........             x - amulet of the Butterfly {Reflect Will+ SH+5}
HPRegen  1.35/turn              e - ring "Mugaref" {Slay+4 Stlth+}
MPRegen  0.14/turn              K - +4 ring of slaying

@: mighty, very slightly contaminated
A: large, unfitting armour, tough skin 1, no stealth, no air magic, no
conjurations magic, no transmutations magic, weak-willed 1, unskilled 2
a: Renounce Religion, Minor Destruction, Lesser Servant of Makhleb, Major
Destruction


You were on level 1 of the Orcish Mines.
You worshipped Makhleb.
Makhleb was greatly pleased with you.
You visited 4 branches of the dungeon, and saw 20 of its levels.
You also visited: Sewer, Ossuary and Gauntlet.

You collected 1990 gold pieces.

Inventory:

Hand Weapons
 a - a +1 war axe of flaming (weapon)
Missiles
 R - 11 silver javelins (quivered)
Armour
 r - a +0 cloak (worn)
 v - a +2 troll leather armour (worn)
 M - a +2 kite shield (worn)
 N - a +2 hat (worn)
Jewellery
 b - a ring of positive energy
 e - the ring "Mugaref" (left hand) {Slay+4 Stlth+}
   (You acquired it on level 4 of the Dungeon)

   [ring of slaying]

   Slay:      It affects your accuracy & damage with ranged weapons and melee
   (+4).
   Stlth:     It makes you more stealthy.
 h - a ring of fire
 x - the amulet of the Butterfly (around neck) {Reflect Will+ SH+5}
   (You acquired it on level 5 of the Lair of Beasts)

   [amulet of reflection]

   It reflects blocked missile attacks.
   SH:        It affects your SH (+5).
   Will:      It increases your willpower.
 F - a ring of resist corrosion
 G - a ring of protection from fire
 H - a ring of see invisible
 K - a +4 ring of slaying (right hand)
 T - the macabre finger necklace {rN+}
   (You found it in a Gauntlet)

   [amulet of nothing]

   It enables you to equip an extra ring.
   rN:        It protects you from negative energy.
 U - a ring of protection from cold
Wands
 n - a wand of acid (13)
 w - a wand of mindburst (25)
 y - a wand of iceblast (41)
 B - a wand of flame (100)
 J - a wand of polymorph (23)
 O - a wand of digging (5)
 S - a wand of charming (7)
Scrolls
 j - 4 scrolls of enchant weapon
 o - 9 scrolls of teleportation
 p - a scroll of brand weapon
 t - a scroll of blinking
 u - 2 scrolls of fog
 z - 5 scrolls of magic mapping
 V - a scroll of enchant armour
Potions
 c - 2 potions of resistance
 d - 4 potions of might
 i - 11 potions of curing
 k - 2 potions of mutation
 s - 2 potions of ambrosia
 C - 2 potions of flight
 D - 2 potions of cancellation
 E - 2 potions of heal wounds


   Skills:
 + Level 12.5 Fighting
 * Level 13.1 Axes
 + Level 5.3 Armour
 + Level 6.5 Dodging
 + Level 9.1 Shields


You had 11 spell levels left.
You knew the following spells:

 Your Spells              Type           Power      Damage    Failure   Level
a - Blink                 Tloc           N/A        N/A       56%         2

Your spell library contained the following spells:

 Spells                   Type           Power      Damage    Failure   Level
 Tukima's Dance           Hex            0%         N/A       80%         3
 Olgreb's Toxic Radiance  Pois           0%         N/A       99%         4
 Passage of Golubria      Tloc           N/A        N/A       99%         4
 Manifold Assault         Tloc           0%         N/A       100%        5
 Simulacrum               Ice/Necr       0%         N/A       100%        6
 Ozocubu's Refrigeration  Ice            0%         4d5       100%        7
 Ignition                 Fire           0%         3d3       100%        8
 Hailstorm                Conj/Ice       Unusable   3d3       N/A         4
 Ice Form                 Ice/Tmut       Unusable   N/A       N/A         4
 Yara's Violent Unravell  Hex/Tmut       Unusable   3d3       N/A         5
 Storm Form               Tmut/Air       Unusable   N/A       N/A         7

Dungeon Overview and Level Annotations

Branches:
Dungeon (12/15)            Temple (1/1) D:6            Lair (5/6) D:9
 Shoals (0/4) Lair:4        Snake (0/4) Lair:4        Slime (0/5) Lair:5
    Orc (2/2) D:12          Sewer (visited)         Ossuary (visited)
Gauntlet (visited)
    Elf: Orc:2

Altars:
Ashenzari
Cheibriados
Dithmenos
Elyvilon
Fedhas
Gozag
Hepliaklqana
Kikubaaqudgha
Makhleb
Nemelex Xobeh
Okawaru
Qazlal
Ru
Sif Muna
Trog
Uskayaw
Vehumet
Wu Jian
Xom
Yredelemnul
Zin
The Shining One
Beogh
Jiyva

Shops:
D:1 (   D:9 [   Orc:2 :

Annotations:
D:9 exclusions: ice statue and orange crystal statue
D:12 exclusion: orange crystal statue
Orc:1 Saint Roka


Innate Abilities, Weirdness & Mutations

You are too large for most types of armour.
You have tough skin. (AC +1)
You cannot be stealthy.
You cannot study or cast Air magic.
You cannot study or cast Conjurations magic.
You cannot study or cast Transmutations magic.
You are slightly weak-willed. (Will-)
You are unskilled. (-2 Apt)


Message History

Beogh smites you!
You hit Saint Roka. You burn Saint Roka.
Saint Roka is moderately wounded.
The orc warrior shouts!
The orc throws a boomerang.
You reflect the boomerang off an invisible shield around you!
The boomerang hits the orc.
Saint Roka closely misses you.
You closely miss Saint Roka.
Saint Roka is moderately wounded.
You flicker for a moment.
The orc warrior shouts!
You barely miss Saint Roka.
Saint Roka is moderately wounded.
You block Saint Roka's attack. You block the orc warrior's attack.
You slice Saint Roka!! You burn Saint Roka!
Saint Roka is heavily wounded.
Saint Roka calls down the wrath of Beogh upon you.
Beogh smites you!
* * * LOW HITPOINT WARNING * * *
You slash Saint Roka! You burn Saint Roka.
Saint Roka is heavily wounded.
You slash the orc warrior! You burn the orc warrior.
The orc no longer looks unusually strong.
Saint Roka invokes the aid of Beogh against you.
Beogh smites you!
* * * LOW HITPOINT WARNING * * *
The orc warrior hits you with a +0 halberd!
* * * LOW HITPOINT WARNING * * *
The orc warrior no longer looks unusually strong.
Saint Roka says, "In the orcish mines, orcs kill the likes of YOU!"
There is a stone staircase leading up here.
You flicker back into view.
Saint Roka invokes the aid of Beogh against you.
Beogh smites you!
* * * LOW HITPOINT WARNING * * *
You climb upwards.
There is a stone staircase leading down here.
Saint Roka mumbles some strange prayers to Beogh against you.
Beogh smites you!
You die...

### #...... ##.####
##.##.. #...#.## #####.
####.....## ##
##.........#
#..........####
#.>...........##
##.............#
####....@....#..##
####.#....>[........##
##........o...........##
#........#.............##
##..............#.......#
##..#......#....#......#
#......##..#.....#.....##
##.##.##..........#.....#
##.######..........##..##


You could see Saint Roka.

Vanquished Creatures
  An orc warlord (Orc:2)
  Nessos (Orc:2)
  A minotaur (Gauntlet)
  A catoblepas (Gauntlet)
  2 ogre magi (Orc:2)
  Erolcha (D:12)
  6 hydras
  A boulder beetle (D:6)
  11 two-headed ogres
  A centaur warrior (D:10)
  Erica (Orc:1)
  Urug (Lair:4)
  2 orc high priests
  Pikel (D:6)
  2 lindwurms (Lair:4)
  A deep elf pyromancer (D:12)
  An orc sorcerer (D:12)
  An ugly thing (D:9)
  A cyclops (D:11)
  3 manticores
  10 elephants
  2 gargoyles
  Joseph (D:10)
  3 cane toads
  2 rime drakes
  Maggie (D:6)
  An unseen horror (D:12)
  2 kobold demonologists
  4 komodo dragons
  An efreet (Gauntlet)
  A polar bear (Lair:4)
  5 trolls
  2 hornets
  A wolf spider simulacrum (Gauntlet)
  4 blink frogs (Lair:5)
  2 centaur simulacra (Gauntlet)
  A wyvern (D:9)
  A shadow (D:11)
  Sigmund (D:4)
  7 yaks
  A wraith (D:10)
  3 fire elementals (Gauntlet)
  5 steam dragons
  Menkaure (D:4)
  A harpy simulacrum (Gauntlet)
  6 vampire mosquitoes (D:11)
  4 wargs
  An acid dragon (D:11)
  Duvessa (D:4)
  A hydra simulacrum (Gauntlet)
  A hell hound (Gauntlet)
  5 water moccasins
  2 sky beasts (D:11)
  18 orc warriors
  3 black bears
  24 ogres
  6 centaurs
  A phantom (D:6)
  An elf zombie (Ossuary)
  2 gnoll sergeants
  7 bullfrogs
  2 scorpions
  Dowan (D:4)
  7 wights
  4 howler monkeys
  An electric eel (D:7)
  4 centaur zombies
  An iron imp (D:7)
  A hound (D:5)
  4 jellies
  Crazy Yiuf (D:3)
  A centaur skeleton (D:7)
  A gnoll shaman (D:6)
  15 orc priests
  4 iguanas
  19 orc wizards
  2 mummies (Ossuary)
  A howler monkey zombie (D:5)
  29 gnolls
  9 adders
  A white imp (D:5)
  An ufetubus (D:7)
  3 adder zombies (Ossuary)
  6 worms
  3 dart slugs
  80 orcs
  26 endoplasms
  15 giant cockroaches
  14 goblins
  11 hobgoblins
  4 jackals (D:3)
  22 quokkas
  19 ball pythons
  8 bats
  18 frilled lizards
  11 hobgoblin zombies (Ossuary)
  A jackal zombie (Ossuary)
  28 kobolds
  7 kobold zombies (Ossuary)
  9 orc zombies (Ossuary)
  4 rats (D:1)
  2 rat zombies (Ossuary)
  A spectral kobold (D:8)
587 creatures vanquished.

Vanquished Creatures (others)
  A komodo dragon (Lair:4)
  A sky beast (D:11)
  A hound skeleton (D:5)
  A gnoll (D:6)
  An ufetubus (D:6)
  An orc (D:7)
  13 fungi
  24 plants
  7 toadstools (D:2)
50 creatures vanquished.

Grand Total: 637 creatures vanquished

Notes
Turn   | Place    | Note
-------+----------+-------------------------------------------
     0 | D:1      | Spaninq the Ogre Fighter began the quest for the Orb.
     0 | D:1      | Reached XP level 1. HP: 24/24 MP: 1/1
   191 | D:1      | Reached XP level 2. HP: 31/32 MP: 2/2
   632 | D:1      | Reached XP level 3. HP: 24/40 MP: 3/3
   866 | D:1      | Found Peilucvi's Antique Weapon Shop.
  1155 | D:1      | Found a faded altar of an unknown god.
  1161 | D:1      | Became a worshipper of Ru the Awakened
  1163 | D:1      | Gained mutation: You cannot be stealthy. [Ru sacrifice]
  1190 | D:1      | Reached skill level 3 in Axes
  1562 | D:2      | Reached XP level 4. HP: 24/49 MP: 4/4
  1568 | D:2      | HP: 1/49 [frozen (5)]
  1569 | D:2      | Reached skill level 5 in Fighting
  1569 | D:2      | Reached skill level 4 in Axes
  1569 | D:2      | Reached XP level 5. HP: 2/57 MP: 5/5
  3138 | D:3      | Found a hide-covered altar of Uskayaw.
  3489 | D:3      | Reached XP level 6. HP: 56/66 MP: 6/6
  4113 | D:3      | Learned a level 2 spell: Blink
  4253 | D:3      | Gained mutation: You are slightly weak-willed. (Will-) [Ru
                  | sacrifice]
  4253 | D:3      | Reached * piety under Ru
  4253 | D:3      | Reached ** piety under Ru
  4271 | D:3      | Found a runed translucent door.
  4272 | D:3      | Noticed Crazy Yiuf
  4529 | D:3      | Found a glowing silver altar of Zin.
  4774 | D:3      | Killed Crazy Yiuf
  4976 | D:4      | Identified a scroll of acquirement
  4976 | D:4      | Acquired the ring "Mugaref" {Slay+4 Stlth+}
  5184 | D:4      | Found a sand-covered staircase.
  5189 | Ossuary  | Entered an ossuary
  5318 | Ossuary  | Reached skill level 5 in Axes
  5336 | Ossuary  | Reached XP level 7. HP: 60/75 MP: 7/7
  5620 | D:4      | Identified the +8 spear "Amnu" {vorpal, SInv}
  5685 | D:4      | Noticed Menkaure
  5705 | D:4      | Killed Menkaure
  5816 | D:4      | Noticed Sigmund
  5837 | D:4      | Killed Sigmund
  5838 | D:4      | Reached skill level 6 in Axes
  6153 | D:4      | Found a blossoming altar of Fedhas.
  6160 | D:4      | Reached XP level 8. HP: 84/84 MP: 8/8
  6302 | D:4      | Noticed Dowan
  6303 | D:4      | Noticed Duvessa
  6314 | D:4      | Killed Duvessa
  6315 | D:4      | Reached skill level 5 in Shields
  6598 | D:4      | HP: 6/130 [Dowan/shard of ice (11)]
  6602 | D:4      | Killed Dowan
  7158 | D:5      | Entered Level 5 of the Dungeon
  7184 | D:5      | Reached skill level 7 in Axes
  7268 | D:5      | Found a glowing drain.
  7277 | Sewer    | Entered a sewer
  7610 | Sewer    | Gained mutation: You are somewhat unskilled. (-1 Apt) [Ru
                  | sacrifice]
  7610 | Sewer    | Reduced skill Axes to level 6
  7610 | Sewer    | Reached *** piety under Ru
  8177 | D:5      | Found a broken altar of Ashenzari.
  8184 | D:5      | Reached skill level 5 in Shields
  8242 | D:5      | Reached skill level 7 in Axes
  8927 | D:6      | Reached XP level 9. HP: 75/93 MP: 9/9
  9372 | D:6      | Noticed a boulder beetle
  9399 | D:6      | Killed a boulder beetle
  9400 | D:6      | Reached skill level 8 in Axes
  9791 | D:6      | Noticed Maggie
  9801 | D:6      | Killed Maggie
  9918 | D:6      | Found an ornate altar of the Wu Jian Council.
 10087 | D:6      | Noticed Pikel
 10091 | D:6      | Killed Pikel
 10092 | D:6      | Reached skill level 9 in Axes
 10092 | D:6      | Reached XP level 10. HP: 85/107 MP: 10/10
 10459 | D:6      | Found a staircase to the Ecumenical Temple.
 10588 | D:6      | Identified the ring "Tuawnot" {Wiz Str+2}
 11291 | D:7      | Found a snail-covered altar of Cheibriados.
 11671 | D:7      | Acquired a +2 troll leather armour
 11690 | D:7      | Identified the +6 whip of Songusyc {vamp, rC+ Dex+2}
 12323 | D:8      | Found a hazy altar of Hepliaklqana.
 12385 | D:8      | Reached skill level 10 in Axes
 12872 | D:9      | Noticed an orange crystal statue
 13026 | D:9      | Found Loekann's Antique Armour Shoppe.
 13045 | D:9      | Noticed a manticore
 13057 | D:9      | Killed a manticore
 13058 | D:9      | Reached skill level 10 in Fighting
 13083 | D:9      | Found a staircase to the Lair.
 13202 | D:9      | Noticed an ice statue
 13257 | D:9      | Noticed a purple ugly thing
 13262 | D:9      | Paralysed by a hornet for 1 turns
 13275 | D:9      | Killed a purple ugly thing
 13276 | D:9      | Reached XP level 11. HP: 64/119 MP: 6/11
 13529 | Lair:1   | Entered Level 1 of the Lair of Beasts
 14429 | Lair:2   | Noticed a seven-headed hydra
 14438 | Lair:2   | Killed a three-headed hydra
 14439 | Lair:2   | Reached skill level 11 in Axes
 14439 | Lair:2   | Reached skill level 1 in Armour
 14963 | Lair:3   | Noticed an eight-headed hydra
 14965 | Lair:3   | Noticed a seven-headed hydra
 15044 | Lair:2   | Killed a two-headed hydra
 15185 | Lair:2   | Killed a one-headed hydra
 15329 | Lair:3   | Acquired a +0 hat
 15342 | Lair:3   | Identified the -7 pair of gloves of Inourum {Contam rF+
                  | Stlth+}
 15350 | Lair:3   | Noticed a five-headed hydra
 15391 | Lair:3   | Killed a one-headed hydra
 15392 | Lair:3   | Reached XP level 12. HP: 101/130 MP: 7/12
 15724 | Lair:4   | Gained mutation: You cannot study or cast Air magic. [Ru
                  | sacrifice]
 15724 | Lair:4   | Gained mutation: You cannot study or cast Transmutations
                  | magic. [Ru sacrifice]
 15724 | Lair:4   | Gained mutation: You cannot study or cast Conjurations
                  | magic. [Ru sacrifice]
 15724 | Lair:4   | Reached **** piety under Ru
 15724 | Lair:4   | Reached ***** piety under Ru
 15799 | Lair:4   | Identified the +4 hunting sling "Garirgh" {freeze, rPois
                  | Str-4 Int+6}
 15866 | Lair:4   | Reached skill level 12 in Axes
 15956 | Lair:4   | Noticed Urug
 15978 | Lair:4   | Killed Urug
 15982 | Lair:4   | Found a staircase to the Snake Pit.
 16169 | Lair:4   | Found a staircase to the Shoals.
 16601 | Lair:5   | Found a frozen archway.
 16614 | Lair:5   | Acquired the amulet of the Butterfly {Reflect Will+ SH+5}
 16638 | Lair:5   | Noticed a six-headed hydra
 16650 | Lair:5   | Killed a one-headed hydra
 16651 | Lair:5   | Reached skill level 5 in Dodging
 16671 | Lair:5   | Found a gate leading to a gauntlet.
 16680 | Gauntlet | Entered a Gauntlet
 16680 | Gauntlet | Found a transporter.
 16680 | Gauntlet | Found a transporter.
 16684 | Gauntlet | Found a transporter.
 16696 | Gauntlet | Found a transporter.
 16704 | Gauntlet | Found a transporter.
 16707 | Gauntlet | Found a transporter.
 16707 | Gauntlet | Found a transporter.
 16734 | Gauntlet | Found a transporter.
 16743 | Gauntlet | Found a transporter.
 16743 | Gauntlet | Noticed a catoblepas
 16765 | Gauntlet | Found a transporter.
 16811 | Gauntlet | Found a transporter.
 16829 | Gauntlet | Found a transporter.
 16841 | Gauntlet | Found a transporter.
 16928 | Gauntlet | Found a transporter.
 16936 | Gauntlet | Noticed a reaper
 16944 | Gauntlet | Found a transporter.
 16956 | Gauntlet | Found a transporter.
 17047 | Gauntlet | Killed a catoblepas
 17157 | Gauntlet | Identified the ring of Xom's Flight of Fancy {Str+3 Int+6}
 17343 | Gauntlet | Identified the +3 arbalest of Nafiv {penet, *Slow +Blink
                  | rC+ rN++}
 17343 | Gauntlet | Noticed a minotaur
 17350 | Gauntlet | Killed a minotaur
 17359 | Gauntlet | Found the macabre finger necklace {rN+}
 17361 | Gauntlet | Identified the amulet of Altruism {Regen+ rCorr}
 17412 | Lair:5   | Reached XP level 13. HP: 131/140 MP: 13/13
 17448 | Lair:5   | Found a viscous altar of Jiyva.
 17448 | Lair:5   | Found a staircase to the Slime Pits.
 17788 | Lair:5   | Gained mutation: You are unskilled. (-2 Apt) [Ru sacrifice]
 17788 | Lair:5   | Reduced skill Axes to level 11
 17788 | Lair:5   | Reached ****** piety under Ru
 18126 | Temple   | Entered the Ecumenical Temple
 18363 | Temple   | Fell from the grace of Ru
 18363 | Temple   | Became a worshipper of Makhleb the Destroyer
 18449 | D:10     | Entered Level 10 of the Dungeon
 18585 | D:10     | Reached * piety under Makhleb
 18616 | D:10     | Noticed Joseph
 18625 | D:10     | Killed Joseph
 18626 | D:10     | Reached skill level 12 in Axes
 18628 | D:10     | Found an ancient bone altar of Kikubaaqudgha.
 18736 | D:10     | Found a shimmering altar of Xom.
 20121 | D:12     | Reached ** piety under Makhleb
 20318 | D:12     | Noticed Erolcha
 20328 | D:12     | Killed Erolcha
 20597 | D:12     | Found a staircase to the Orcish Mines.
 20963 | Orc:1    | Entered Level 1 of the Orcish Mines
 21065 | Orc:1    | Noticed Erica
 21083 | Orc:1    | Killed Erica
 21293 | Orc:1    | Reached *** piety under Makhleb
 21803 | Orc:2    | Entered Level 2 of the Orcish Mines
 21816 | Orc:2    | Found Hyonucs's Book Shoppe.
 21862 | Orc:2    | Noticed an orc warlord
 21870 | Orc:2    | Reached XP level 14. HP: 144/149 MP: 14/14
 22154 | Orc:2    | Reached skill level 5 in Armour
 22220 | Orc:2    | Noticed Nessos
 22226 | Orc:2    | Killed Nessos
 22395 | Orc:2    | Killed an orc warlord
 22396 | Orc:2    | Reached skill level 13 in Axes
 22557 | Orc:2    | Reached **** piety under Makhleb
 22702 | Orc:2    | Noticed Saint Roka
 22810 | Orc:1    | Killed from afar by Saint Roka

Illustrated notes

Levels and vault maps discovered:
D:1:      mrwooster_arrival_statue_2, layout_loops_corners, serial_shops,
          nicolae_lakefront_shop, chequers_ecumenical_altar_lobes
D:2:      cheibrodos_fertilizer, layout_basic, small_statue_intersection,
          chequers_serial_rivers_micro_b
D:3:      minmay_chambers_of_threes, layout_basic, marbit_many_paths,
          mainiacjoe_overflow_cross_hatched, uniq_crazy_yiuf_cottage
D:4:      layout_loops_cross, lemuel_crystal_altar, enter_ossuary_2,
          chequers_serial_rivers_small_b, uniq_duvessa, uniq_menkaure,
          uniq_sigmund
D:5:      corexii_shantytown, layout_loops_ring, cheibrodos_ashenzari_chains,
          portal_sewer_entry_d, dk_noncrumbling_3
D:6:      layout_loops_corners, pdpol_wu_jian_five_deadly_venoms, temple_hall,
          roderic_lattice_a, uniq_pikel, uniq_maggie
D:7:      layout_basic, chei_slow_surprise, minmay_misc_feat_five, minivault_4,
          st_stairs_13, wad_floor_pattern_untrapped
D:8:      layout_gridville, nicolae_hepliaklqana_monster_ancestors,
          item_on_display_a
D:9:      minmay_separated_statues, layout_cave_pools, david_lair_shrubbed,
          serial_shops, nicolae_shop_waterfront
D:10:     layout_rooms, jmf_multi_god_temple, special_room [special_room_orc],
          uniq_joseph
D:11:     layout_irregular_city, serial_column_ruins, column_ruins_open_medium,
          column_ruins_corridor_straight, column_ruins_open_tiny,
          column_ruins_open_small, hangedman_misty_isle
D:12:     layout_loops_ring, david_orc_4, minmay_protected_statue, uniq_erolcha
Temple:   nicolae_temple_figure_eight
Lair:1:   layout_regular_city, serial_bayou_ford_a
Lair:2:   layout_roguey, grunt_megastairs_3
Lair:3:   layout_cave_shapes
Lair:4:   layout_roguey, minmay_shoals_entry_centaurs, dummy_snake_entry,
          uniq_urug
Lair:5:   layout_hall_layers, dpeg_slime_entry_enclosed_altar,
          portal_ice_cave_entry_pillars_1, gauntlet_entry_generic,
          grunt_forest_small_clearings
Orc:1:    layout_caves, basic_altar, nicolae_orc_pool_cavern, mines_bat_river,
          uniq_erica
Orc:2:    st_orc_ogre_mass, layout_diamond_mine, serial_shops, shop_fountains,
          minmay_shop_enchanted_jewellery, uniq_nessos, uniq_saint_roka

Skill      XL: |  1  2  3  4  5  6  7  8  9 10 11 12 13 14 |
---------------+-------------------------------------------+-----
Shields        | 3 4 5 6 7 8 9 |  9.1
Axes           | 3 4 5 6 7 9 10 11 12 12 13 | 13.1
Fighting       | 5 6 7 9 10 11 12 12 | 12.5
Armour         | 2 4 4 5 |  5.3
Dodging        | 4 5 6 |  6.5

Action                   |  1- 3 |  4- 6 |  7- 9 | 10-12 | 13-15 || total
-------------------------+-------+-------+-------+-------+-------++-------
Melee: War axe           |   120 |   241 |   386 |   470 |   443 ||  1660
Invok: Sacrifice Stealth |     1 |       |       |       |       ||     1
       Sacrifice Essence |       |     1 |       |       |       ||     1
       Sacrifice Skill   |       |       |     1 |       |     1 ||     2
       Draw Out Power    |       |       |     1 |     1 |       ||     2
       Reject Sacrifices |       |       |       |     1 |       ||     1
       Sacrifice Arcana  |       |       |       |     1 |       ||     1
Evoke: Wand              |       |       |       |     1 |       ||     1
  Use: Scroll            |       |     8 |     6 |    10 |    10 ||    34
       Potion            |       |       |     3 |     1 |     6 ||    10
 Stab: Distracted        |       |       |     2 |     2 |       ||     4
       Invisible         |       |       |     2 |     5 |     2 ||     9
       Paralysed         |       |       |       |     3 |       ||     3
Armor: Robe              |    27 |    59 |    71 |       |       ||   157
       Skin              |       |       |     4 |       |       ||     4
       Steam dragon scal |       |       |     1 |    10 |       ||    11
       Troll leather arm |       |       |       |   146 |    61 ||   207
Dodge: Dodged            |    45 |    70 |    91 |   151 |    83 ||   440
Block: Kite shield       |    63 |   107 |   149 |   263 |   296 ||   878
       Reflection        |       |       |       |     3 |    21 ||    24
